 Dungeon Crawl Stone Soup version 0.32-a0-119-g2e8054a333 (webtiles) character file.

Game seed: 4664236129944352483

58164 CougarLife the Severer (level 14, -14/129 HPs)
             Began as a Minotaur Fighter on Feb 6, 2024.
             Was a Believer of Uskayaw.
             Demolished by an orc warlord
             ... wielding a +4 antimagic long sword
              (20 damage)
             ... on level 2 of the Orcish Mines.
             The game lasted 00:36:06 (23730 turns).

CougarLife the Severer (Minotaur Fighter)          Turns: 23730, Time: 00:36:06

Health: -14/129    AC: 14    Str: 24    XL:     14   Next: 48%
Magic:  0/29       EV:  8    Int:  5    God:    Uskayaw [**....]
Gold:   1614       SH: 22    Dex: 12    Spells: 13/13 levels left

rFire   . . .        X - +4 war axe of the Blessed Realm {flame, MP+9}
rCold   . . .        w - +0 tower shield
rNeg    . . .        b - +0 scale mail
rPois   +            (helmet restricted)
rElec   .            y - +0 cloak
rCorr   .            L - +2 pair of gloves
SInv    .            V - +0 pair of boots
Will    ++...        Q - amulet of reflection Stlth
                     C - ring of willpower
HPRegen 0.41/turn    x - ring of poison resistance
MPRegen 0.21/turn

%: reflection
@: hasted, very quick
A: horns 2, retaliatory headbutt
a: Renounce Religion, Stomp, Line Pass


You were on level 2 of the Orcish Mines.
You worshipped Uskayaw.
Uskayaw was aware of your devotion.
You visited 4 branches of the dungeon, and saw 20 of its levels.

You collected 1614 gold pieces.

Inventory:

Hand Weapons
 X - the +4 war axe of the Blessed Realm (weapon) {flame, MP+9}
   (You found it on level 11 of the Dungeon)

   MP+9:      It affects your magic capacity (+9).
Missiles
 u - 4 silver javelins
 E - 8 curare-tipped darts
 F - 19 boomerangs (quivered)
 G - 46 poisoned darts
 K - 3 throwing nets
Armour
 b - a +0 scale mail (worn)
 w - a +0 tower shield (worn)
 y - a +0 cloak (worn)
 L - a +2 pair of gloves (worn)
 V - a +0 pair of boots (worn)
Jewellery
 j - a ring of see invisible
 o - a ring of flight
 x - a ring of poison resistance (right hand)
 A - a ring of fire
 C - a ring of willpower (left hand)
 P - a ring of positive energy
 Q - an amulet of reflection (around neck)
 U - a ring of willpower
Wands
 B - a wand of digging (8)
 D - a wand of light (15)
 J - a wand of paralysis (12)
 N - a wand of roots (24)
 T - a wand of mindburst (5)
Scrolls
 d - a scroll of enchant armour
 g - 2 scrolls of summoning
 h - 3 scrolls of silence
 i - 2 scrolls of blinking
 k - 6 scrolls of immolation
 n - 8 scrolls of poison
 p - 8 scrolls of teleportation
 q - 4 scrolls of fog
 s - 6 scrolls of vulnerability
 I - 2 scrolls of torment
 O - a scroll of noise {unknown}
 S - 2 scrolls of fear
Potions
 e - 4 potions of degeneration
 f - 2 potions of ambrosia {unknown}
 l - 2 potions of mutation {unknown}
 m - 4 potions of magic
 r - a potion of cancellation {unknown}
 t - 7 potions of curing
 z - 2 potions of attraction
 H - a potion of resistance {unknown}
 M - 4 potions of lignification {unknown}


   Skills:
 + Level 13.6 Fighting
 - Level 16.9 Axes
 - Level 10.0 Throwing
 - Level 8.0 Armour
 * Level 13.7 Shields
 - Level 10.0 Invocations


You had 13 spell levels left.
You didn't know any spells.
Your spell library contained the following spells:

 Spells                   Type           Power      Damage    Failure   Level
 Blink                    Tloc           0%         N/A       99%         2
 Lesser Beckoning         Tloc           0%         N/A       99%         2
 Momentum Strike          Conj/Tloc      0%         3d8       99%         2
 Sublimation of Blood     Necr           0%         N/A       99%         2
 Frozen Ramparts          Ice            0%         1d1       100%        3
 Fugue of the Fallen      Necr           0%         N/A       100%        3
 Gell's Gravitas          Tloc           0%         N/A       100%        3
 Inner Flame              Hex/Fire       0%         N/A       100%        3
 Ozocubu's Armour         Ice            0%         N/A       100%        3
 Teleport Other           Tloc           0%         N/A       100%        3
 Anguish                  Hex/Necr       0%         N/A       100%        4
 Cause Fear               Hex            0%         N/A       100%        4
 Flame Wave               Conj/Fire      0%         2d4       100%        4
 Iskenderun's Mystic Bla  Conj/Tloc      0%         2d3       100%        4
 Leda's Liquefaction      Alch/Erth      0%         N/A       100%        4
 Manifold Assault         Tloc           0%         N/A       100%        4
 Petrify                  Alch/Erth      0%         N/A       100%        4
 Sticky Flame             Fire/Alch      0%         2d4       100%        4
 Vhi's Electric Charge    Tloc/Air       0%         N/A       100%        4
 Alistair's Intoxication  Alch           0%         N/A       100%        5
 Arcjolt                  Conj/Air       0%         1d10      100%        5
 Borgnjor's Vile Clutch   Necr/Erth      0%         N/A       100%        5
 Irradiate                Conj/Alch      0%         3d11      100%        5
 Lee's Rapid Deconstruct  Erth           0%         3d4*      100%        5
 Metabolic Englaciation   Hex/Ice        0%         N/A       100%        5
 Bombard                  Conj/Erth      0%         9d1       100%        6
 Eringya's Noxious Bog    Alch           0%         4d6       100%        6
 Plasma Beam              Fire/Air       0%         2x1d10    100%        6
 Starburst                Conj/Fire      0%         6d3       100%        6
 Enfeeble                 Hex            0%         N/A       100%        7
 Maxwell's Capacitive Co  Air            0%         ∞         100%        8
 Fire Storm               Conj/Fire      0%         5d1       100%        9


Dungeon Overview and Level Annotations

Branches:
Dungeon (12/15)            Temple (1/1) D:6            Lair (5/5) D:11
  Swamp (0/4) Lair:3       Spider (0/4) Lair:3        Slime (0/5) Lair:4
    Orc (2/2) D:12
    Elf: Orc:2

Altars:
Ashenzari
Cheibriados
Dithmenos
Elyvilon
Fedhas
Gozag
Hepliaklqana
Kikubaaqudgha
Makhleb
Nemelex Xobeh
Okawaru
Ru
Sif Muna
Trog
Uskayaw
Vehumet
Wu Jian
Xom
Yredelemnul
Zin
Jiyva

Portals:
Hell: Lair:5


Innate Abilities, Weirdness & Mutations

You have a pair of horns on your head.
You reflexively headbutt those who attack you in melee.


Message History

The orc warlord blocks your attack.
The orc warlord is moderately wounded.
You hit the orc warlord. You burn the orc warlord.
The orc warlord is moderately wounded.
You block the orc warlord's attack.
You closely miss the orc warlord.
The orc warlord is moderately wounded.
The orc warlord barely misses you. You furiously retaliate!
You headbutt the orc warlord! The orc warlord blocks your attack.
The orc warlord is moderately wounded.
The orc warlord blocks your attack.
The orc warlord is moderately wounded.
The orc warlord hits you with a +4 antimagic long sword!
* * * LOW HITPOINT WARNING * * *
The orc warlord blocks your attack.
You headbutt the orc warlord!
The orc warlord is heavily wounded.
The orc warlord blocks your attack.
The orc warlord is heavily wounded.
The orc warlord hits you with a +4 antimagic long sword!
* * * LOW HITPOINT WARNING * * *
You feel your power leaking away.
You hit the orc warlord but do no damage.
You headbutt the orc warlord.
The orc warlord is heavily wounded.
The orc warlord hits you with a +4 antimagic long sword!
* * * LOW HITPOINT WARNING * * *
The orc warlord blocks your attack. x2
The orc warlord is heavily wounded.
The orc warlord blocks your attack.
The orc warlord is heavily wounded.
The orc warlord hits you with a +4 antimagic long sword.
* * * LOW HITPOINT WARNING * * *
The orc warlord blocks your attack.
The orc warlord is heavily wounded.
You slash the orc warlord! You burn the orc warlord.
The orc warlord is heavily wounded.
The orc warlord hits you with a +4 antimagic long sword!!
You die...
Your body falls in perfect tune with the rhythm.

#..⌠..# ###.....#
.......)#
#.#####.####.#
#.#..[#))....+
#.#...#.#....#
#.##)##.#....#
#.......# .....
#@###.### ###+#
#)o.##'## #...#ß.ß#
.#####...####
............#####
.........).[....###
..................##
...........##......#
#...........###.....


You could see an orc warlord.

Vanquished Creatures
  An orc warlord (Orc:1)
  A dire elephant (Lair:5)
  Josephine (D:12)
  Fannar (Orc:1)
  2 hydras
  A centaur warrior (D:8)
  3 two-headed ogres
  2 boulder beetles
  4 death yaks
  An occultist (Lair:5)
  2 skysharks
  A sun demon (Lair:5)
  A pharaoh ant (Lair:3)
  A deep elf pyromancer (D:10)
  An ugly thing (D:12)
  A cyclops (D:11)
  10 elephants
  Joseph (D:7)
  6 black mambas
  2 kobold blastminers (Orc:2)
  Maggie (D:7)
  2 orange demons (Lair:5)
  2 gargoyles
  12 cane toads
  5 komodo dragons
  8 rime drakes
  2 kobold demonologists
  3 red devils (Lair:5)
  A hellwing (Lair:5)
  A troll (Orc:1)
  A polar bear (Lair:2)
  A tarantella (Lair:3)
  21 blink frogs
  6 dream sheep (Lair:5)
  3 slime creatures
  A water elemental (D:11)
  2 wyverns
  5 wraiths
  42 yaks
  4 wargs
  6 basilisks
  14 steam dragons
  5 hell hounds (Lair:5)
  15 water moccasins
  A black bear (Lair:1)
  3 ice beasts
  3 sky beasts
  14 orc warriors
  17 wolves
  7 ogres
  11 centaurs
  3 phantoms
  6 kobold brigands
  11 bullfrogs
  4 scorpions
  4 gnoll sergeants
  7 wights
  12 killer bees
  3 electric eels
  6 howler monkeys
  2 bombardier beetles
  3 gnoll boudas (D:9)
  8 hounds
  3 jellies
  15 orc priests
  Crazy Yiuf (D:5)
  A sleepcap (D:6)
  3 iguanas
  A hell rat (Lair:4)
  17 orc wizards
  2 adders
  23 gnolls
  2 shadow imps
  A white imp (D:8)
  2 ufetubi (D:4)
  A ribbon worm (D:3)
  A dart slug (D:4)
  65 orcs
  7 ball pythons
  5 bats
  5 endoplasms
  4 giant cockroaches
  6 goblins
  7 hobgoblins
  13 jackals
  3 quokkas
  3 frilled lizards
  23 kobolds
  3 rats
548 creatures vanquished.

Vanquished Creatures (collateral kills)
  Erolcha (D:10)
1 creature vanquished.

Vanquished Creatures (others)
  An acid dragon (Lair:3)
1 creature vanquished.

Grand Total: 550 creatures vanquished

Notes
Turn   | Place    | Note
-------+----------+-------------------------------------------
     0 | D:1      | CougarLife the Minotaur Fighter began the quest for the
                  | Orb.
     0 | D:1      | Reached XP level 1. HP: 19/19 MP: 0/0
   142 | D:1      | Reached XP level 2. HP: 26/26 MP: 1/1
   466 | D:1      | Reached skill level 3 in Axes
   931 | D:2      | Reached XP level 3. HP: 33/33 MP: 2/2
   978 | D:2      | Found a faded altar of an unknown god.
  1361 | D:2      | Found a hazy altar of Hepliaklqana.
  1616 | D:3      | Found an opulent altar of Gozag.
  1999 | D:3      | Noticed a phantom
  2017 | D:3      | Killed a phantom
  2018 | D:3      | Reached skill level 4 in Axes
  2018 | D:3      | Reached XP level 4. HP: 14/41 MP: 3/3
  2205 | D:3      | Reached skill level 5 in Axes
  2205 | D:3      | Reached XP level 5. HP: 41/47 MP: 4/4
  2628 | D:4      | Reached skill level 5 in Fighting
  2809 | D:4      | Reached skill level 6 in Axes
  2809 | D:4      | Reached XP level 6. HP: 56/56 MP: 5/5
  2905 | D:4      | Reached skill level 7 in Axes
  2947 | D:4      | Found a sparkling altar of Nemelex Xobeh.
  3529 | D:5      | Entered Level 5 of the Dungeon
  3549 | D:5      | Reached XP level 7. HP: 63/63 MP: 6/6
  3970 | D:5      | Reached skill level 8 in Axes
  4539 | D:5      | Found a runed translucent door.
  4540 | D:5      | Noticed Crazy Yiuf
  4661 | D:5      | Killed Crazy Yiuf
  4768 | D:6      | Reached skill level 9 in Axes
  4769 | D:6      | Found a staircase to the Ecumenical Temple.
  4778 | Temple   | Entered the Ecumenical Temple
  4788 | Temple   | Became a worshipper of Uskayaw the Reveller
  4898 | D:6      | Reached * piety under Uskayaw
  4900 | D:6      | Reached ** piety under Uskayaw
  4901 | D:6      | Reached XP level 8. HP: 43/73 MP: 7/7
  5001 | D:6      | Reached *** piety under Uskayaw
  5676 | D:7      | Noticed Joseph
  5766 | D:7      | Reached skill level 10 in Axes
  5906 | D:7      | Reached skill level 5 in Shields
  6008 | D:7      | Reached **** piety under Uskayaw
  6015 | D:7      | Reached ***** piety under Uskayaw
  6541 | D:7      | Noticed Maggie
  6555 | D:7      | Killed Maggie
  6556 | D:7      | Reached XP level 9. HP: 45/81 MP: 8/8
  6782 | D:7      | Killed Joseph
  6970 | D:8      | Reached skill level 10 in Shields
  7133 | D:8      | Noticed a centaur warrior
  7354 | D:8      | Killed a centaur warrior
  7900 | D:8      | Reached skill level 5 in Armour
  8040 | D:8      | Reached XP level 10. HP: 69/88 MP: 9/9
  8445 | D:8      | Found a faded altar of an unknown god.
  8446 | D:8      | Found a hazy altar of Hepliaklqana.
  9581 | D:9      | Reached skill level 11 in Axes
  9926 | D:10     | Entered Level 10 of the Dungeon
  9977 | D:10     | Found a shadowy altar of Dithmenos.
 10191 | D:10     | Noticed a gargoyle
 10213 | D:10     | Killed a gargoyle
 10427 | D:10     | Noticed Erolcha
 10460 | D:10     | Killed Erolcha
 10461 | D:10     | Reached skill level 12 in Axes
 11120 | D:10     | Noticed a deep elf pyromancer
 11145 | D:10     | Killed a deep elf pyromancer
 11436 | D:11     | Reached XP level 11. HP: 97/99 MP: 10/10
 11494 | D:11     | Reached ****** piety under Uskayaw
 11512 | D:11     | Reached skill level 10 in Fighting
 11591 | D:11     | Found a staircase to the Lair.
 11644 | D:11     | Reached skill level 13 in Axes
 12466 | D:11     | Reached skill level 14 in Axes
 12716 | D:11     | Identified the +4 war axe of the Blessed Realm {flame,
                  | MP+9}
 13227 | Lair:1   | Entered Level 1 of the Lair of Beasts
 13233 | Lair:1   | Reached skill level 1 in Throwing
 13854 | Lair:1   | Reached skill level 5 in Throwing
 14868 | Lair:2   | Noticed a skyshark
 14875 | Lair:2   | Reached XP level 12. HP: 91/108 MP: 11/11
 15698 | Lair:3   | Found a staircase to the Swamp.
 15706 | Lair:3   | Reached skill level 10 in Throwing
 15717 | Lair:3   | Reached skill level 1 in Invocations
 15996 | Lair:3   | Found a hole to the Spider Nest.
 15999 | Lair:3   | Noticed an eight-headed hydra
 16018 | Lair:3   | HP: 5/108 [black mamba (8)]
 16036 | Lair:3   | Reached skill level 5 in Invocations
 17107 | Lair:3   | Killed an eight-headed hydra
 17567 | Lair:4   | Noticed an eight-headed hydra
 17576 | Lair:4   | Killed an eight-headed hydra
 17694 | Lair:4   | Found a staircase to the Slime Pits.
 17694 | Lair:4   | Found a viscous altar of Jiyva.
 17713 | Lair:3   | Reached XP level 13. HP: 103/114 MP: 16/18
 18651 | Lair:4   | Reached skill level 10 in Invocations
 18842 | Lair:5   | Entered Level 5 of the Lair of Beasts
 19314 | Lair:5   | Reached skill level 15 in Axes
 20034 | Lair:5   | Reached skill level 16 in Axes
 20845 | Lair:5   | Reached XP level 14. HP: 110/127 MP: 20/20
 20908 | Lair:5   | Found a burning altar of Makhleb.
 21097 | Lair:5   | Found a gateway to Hell.
 21886 | D:12     | Noticed Josephine
 21915 | D:12     | Killed Josephine
 22407 | D:12     | Found a staircase to the Orcish Mines.
 22844 | D:12     | Got the Almanac of the Hurtful Blink Frog
 22886 | Orc:1    | Entered Level 1 of the Orcish Mines
 22963 | Orc:2    | Entered Level 2 of the Orcish Mines
 23054 | Orc:1    | Noticed an orc warlord
 23082 | Orc:1    | Killed an orc warlord
 23083 | Orc:1    | Found a bloodstained altar of Trog.
 23379 | Orc:1    | Noticed Fannar
 23403 | Orc:1    | Killed Fannar
 23703 | Orc:2    | Noticed an orc warlord
 23728 | Orc:2    | HP: 6/129 [orc warlord/+4 antimagic long sword (2)]
 23730 | Orc:2    | Demolished by an orc warlord

Illustrated notes

Levels and vault maps discovered:
D:1:      minmay_arrival_radiant_lines, layout_loops_ring,
          chequers_serial_rivers_marsh, minmay_misc_feat_rows,
          hangedman_decor_opposing
D:2:      layout_basic, dreamdust_ecumenical_altar_angels_and_demons,
          basic_altar
D:3:      cheibrodos_helix_gallery, layout_basic, mainiacjoe_overflow_boulevard,
          nicolae_hexahallways
D:4:      minmay_door_path, layout_loops_ring, nemelex_spade_bored_becter
D:5:      layout_loops_ring, corexii_hall_statues_l, kennysheep_small_square,
          uniq_crazy_yiuf_cottage
D:6:      layout_loops_ring, minmay_temple_entry_antechambers,
          serial_park_tiny_2
D:7:      layout_loops_ring, uniq_maggie, uniq_joseph
D:8:      layout_cave_pools, beargit_hepliaklqana_dungeon_heroes,
          grunt_potential
D:9:      layout_big_octagon, serial_gnoll_camp, gnoll_camp_mini_house,
          gnoll_camp_mini_doghouse, gnoll_camp_mini_house, gnoll_camp_medium_01,
          gnoll_camp_mini_hut
D:10:     layout_cave_pools, nicolae_overflow_hidden_temple, roderic_lattice_a,
          guppyfry_early_elven_hall, uniq_erolcha
D:11:     layout_basic, erik_lair_orcish_takeover
D:12:     layout_gridville, orc_0_dummy, uniq_josephine
Temple:   nicolae_temple_elliptical
Lair:1:   layout_misc_corridors, grunt_megastairs_4
Lair:2:   layout_gridlike, nicolae_quartered_pool_medium
Lair:3:   layout_long_grid, swamp_mist_pool,
          nicolae_spider_entry_lesser_pyramids, bobbens_dragon_lair_wall,
          grunt_megastairs_5
Lair:4:   layout_regular_city, minmay_slime_entry_pillars
Lair:5:   evil_forest, layout_small_grid, evilmike_ambush
          [evilmike_ambush_outer_basic, evilmike_ambush_inner_basic]
Orc:1:    layout_diamond_mine, basic_altar, uniq_fannar
Orc:2:    pubby_orc_utopia

Skill      XL: |  1  2  3  4  5  6  7  8  9 10 11 12 13 14 |
---------------+-------------------------------------------+-----
Armour         | 4 5 8 |  8.0
Shields        | 4 8 12 13 | 13.7
Axes           | 3 4 5 6 7 9 10 12 14 16 | 16.9
Fighting       | 4 5 6 7 8 9 10 12 13 | 13.6
Throwing       | 7 10 | 10.0
Invocations    | 8 10 | 10.0

Action                     |  1- 3 |  4- 6 |  7- 9 | 10-12 | 13-15 || total
---------------------------+-------+-------+-------+-------+-------++-------
  Melee: War axe           |   112 |    93 |   240 |   789 |   627 ||  1861
         Headbutt          |    10 |    15 |    51 |   170 |   150 ||   396
         Trident           |       |       |       |    14 |       ||    14
  Throw: Boomerang         |       |       |       |    39 |    50 ||    89
    Use: Potion            |       |     1 |     1 |     7 |     4 ||    13
         Scroll            |       |       |     9 |     6 |     3 ||    18
   Stab: Paralysed         |       |       |     6 |    66 |    84 ||   156
 Armour: Scale mail        |    71 |    58 |   188 |   481 |   227 ||  1025
  Dodge: Dodged            |    38 |    25 |    48 |   191 |    67 ||   369
  Block: Buckler           |     4 |       |       |       |       ||     4
         Kite shield       |    43 |    62 |    76 |       |       ||   181
         Tower shield      |       |       |    69 |   748 |   623 ||  1440
         Reflection        |       |       |       |       |    22 ||    22

Table legend: (Time is in decaauts)
 A = Elapsed time spent in this place.
 B = Non-inter-level travel time spent in this place.
 C = Inter-level travel time spent in this place.
 D = Time resting spent in this place.
 E = Time spent auto-exploring this place.
 F = Levels seen in this place.
 G = Mean time per level.
                   A        B        C        D        E       F      G
               +--------+--------+--------+--------+--------+-----+--------+
         Total |  23822 |  22874 |    948 |   6841 |  11066 |  20 | 1191.1 |
       Dungeon |  14643 |  14027 |    616 |   3508 |   7847 |  12 | 1220.2 |
        Temple |     20 |     11 |      9 |      0 |      0 |   1 |   20.0 |
          Lair |   8338 |   8032 |    306 |   3032 |   2967 |   5 | 1667.6 |
  Orcish Mines |    819 |    803 |     16 |    300 |    251 |   2 |  409.5 |
               +--------+--------+--------+--------+--------+-----+--------+

Top non-repeatable levels by time:
  Lair:5: 2306 daAuts
    D:11: 2177 daAuts
     D:7: 1865 daAuts
  Lair:3: 1779 daAuts
  Lair:2: 1605 daAuts
  Lair:4: 1557 daAuts
    D:10: 1412 daAuts
     D:9: 1270 daAuts
     D:5: 1257 daAuts
  Lair:1: 1089 daAuts
     D:3: 1037 daAuts
     D:8: 1018 daAuts
     D:6: 990 daAuts
    D:12: 987 daAuts
     D:4: 975 daAuts
